3AAA
CORPUS CHRISTI TWINS @ LÉVIS ROCKS
08/18/2018
 
TOP OF THE 1ST
Corpus Christi Twins batting - Pitching for Lévis Rocks : LHP Harvey Richards
Pitching: LHP Harvey Richards
Batting: RHB John Howell 0-0: Ball
1-0: Ball
2-0: Ground out 6-3 (Groundball, 56)
Batting: RHB Denis Taylor 0-0: Ball
1-0: Called Strike
1-1: SINGLE (Groundball, 34D)
Batting: RHB Gonzalo Núńez 0-0: Ball
1-0: Ball
2-0: Ball
3-0: Base on Balls
Denis Taylor to second
Batting: RHB Júlio Santos 0-0: Ball
1-0: Ball
2-0: Called Strike
2-1: Ball
3-1: Foul Ball, location: 2F
3-2: SINGLE (Flyball, 7S)
Denis Taylor to third
Gonzalo Núńez to second
Runner from 3rd tries for Home, SAFE, no throw or cutoff
Batting: LHB Juan Durán 0-0: Foul Ball, location: 2F
0-1: Foul Ball, location: 2F
0-2: Ball
1-2: Ball
2-2: Fly out, F8 (Flyball, 8LM)
Batting: RHB Carlos Santos 0-0: Called Strike
0-1: Ground out 4-3 (Groundball, 4)
Top of the 1st over - 1 run(s), 2 hit(s), 0 error(s), 2 left on base; Corpus Christi 1 - Lévis 0
BOTTOM OF THE 1ST
Lévis Rocks batting - Pitching for Corpus Christi Twins : RHP Allen Wilson
Pitching: RHP Allen Wilson
Batting: LHB Edward Carlson 0-0: Foul Ball, location: 2F
0-1: Ground out 6-3 (Groundball, 6M)
Batting: RHB Raúl Valadez 0-0: Ball
1-0: Foul Ball, location: 2F
1-1: Ball
2-1: Foul Ball, location: 2F
2-2: Fly out, F8 (Flyball, 8LM)
Batting: RHB Dan Holliday 0-0: Ground out 6-3 (Groundball, 6M)
Bottom of the 1st over - 0 run(s), 0 hit(s), 0 error(s), 0 left on base; Corpus Christi 1 - Lévis 0
TOP OF THE 2ND
Corpus Christi Twins batting - Pitching for Lévis Rocks : LHP Harvey Richards
Batting: RHB Chad Graham 0-0: Ball
1-0: Swinging Strike
1-1: Foul Ball, location: 2F
1-2: Ball
2-2: Ball
3-2: Foul Ball, location: 2F
3-2: Base on Balls
Batting: LHB Michael Smith 0-0: Ball
1-0: Ball
2-0: Ball
3-0: Base on Balls
Chad Graham to second
Batting: RHB Bill McCarty 0-0: Called Strike
0-1: Fly out, F3 (Line Drive, 3)
0-1: Lined into DP, U3 (Line Drive, 3)
Batting: RHB John Howell 0-0: Ball
1-0: Called Strike
1-1: Foul Ball, location: 2F
1-2: Strikes out swinging
Top of the 2nd over - 0 run(s), 0 hit(s), 0 error(s), 1 left on base; Corpus Christi 1 - Lévis 0
BOTTOM OF THE 2ND
Lévis Rocks batting - Pitching for Corpus Christi Twins : RHP Allen Wilson
Batting: RHB Pedro Mendoza 0-0: Ground out 6-3 (Groundball, 6)
Batting: RHB Ernie McPherson 0-0: Ball
1-0: Ball
2-0: Called Strike
2-1: SINGLE (Groundball, 4MD)
Pitching: RHP Benjamin Booth
Batting: SHB Bartolo Fernández 0-0: Ball
1-0: Grounds into double play, 4-6-3 (Groundball, 34)
Bottom of the 2nd over - 0 run(s), 1 hit(s), 0 error(s), 0 left on base; Corpus Christi 1 - Lévis 0
TOP OF THE 3RD
Corpus Christi Twins batting - Pitching for Lévis Rocks : LHP Harvey Richards
Batting: RHB Denis Taylor 0-0: Ball
1-0: SINGLE (Line Drive, 89S)
Batting: RHB Gonzalo Núńez 0-0: Ball
1-0: Ball
2-0: Called Strike
2-1: Called Strike
2-2: Ball
3-2: Strikes out swinging
Batting: RHB Júlio Santos 0-0: Ball
1-0: Ball
2-0: Ball
3-0: Called Strike
3-1: Foul Ball, location: 2F
3-2: Fly out, F8 (Flyball, 8LM)
Batting: LHB Juan Durán 0-0: Ball
1-0: Foul Ball, location: 2F
1-1: Ball
2-1: SINGLE (Line Drive, 9LS)
Denis Taylor to second
Runner from 2nd tries for 3rd, OUT!
Top of the 3rd over - 0 run(s), 2 hit(s), 0 error(s), 1 left on base; Corpus Christi 1 - Lévis 0
BOTTOM OF THE 3RD
Lévis Rocks batting - Pitching for Corpus Christi Twins : RHP Benjamin Booth
Batting: RHB Melvin Hunter 0-0: Called Strike
0-1: Ball
1-1: SINGLE (Groundball, 56D)
Batting: RHB Jim Unknown 0-0: Ball
1-0: Swinging Strike
1-1: Ball
2-1: Ball
3-1: Foul Ball, location: 2F
3-2: Foul Ball, location: 2F
3-2: Ground out 5-3 (Groundball, 5S)
Melvin Hunter to second
Batting: RHB Jimmy Allen 0-0: Ball
1-0: Called Strike
1-1: Ball
2-1: Ground out 6-3 (Groundball, 6)
Batting: LHB Edward Carlson 0-0: Ball
1-0: Foul Ball, location: 2F
1-1: 2-RUN HOME RUN (Flyball, 9LD), Distance : 335 ft
Batting: RHB Raúl Valadez 0-0: Foul Ball, location: 2F
0-1: Ball
1-1: Foul Ball, location: 2F
1-2: Ground out 5-3 (Groundball, 56S)
Bottom of the 3rd over - 2 run(s), 2 hit(s), 0 error(s), 0 left on base; Corpus Christi 1 - Lévis 2
TOP OF THE 4TH
Corpus Christi Twins batting - Pitching for Lévis Rocks : LHP Harvey Richards
Batting: RHB Carlos Santos 0-0: Ball
1-0: Foul Ball, location: 2F
1-1: Foul Ball, location: 2F
1-2: Ball
2-2: Fly out, F9 (Flyball, 89D)
Batting: RHB Chad Graham 0-0: Ground out 1-3 (Groundball, 25)
Batting: LHB Michael Smith 0-0: Ball
1-0: Ball
2-0: Ball
3-0: Foul Ball, location: 2F
3-1: Base on Balls
Batting: RHB Bill McCarty 0-0: Foul Ball, location: 2F
0-1: Ball
1-1: Called Strike
1-2: Foul Ball, location: 2F
1-2: Strikes out looking
Top of the 4th over - 0 run(s), 0 hit(s), 0 error(s), 1 left on base; Corpus Christi 1 - Lévis 2
BOTTOM OF THE 4TH
Lévis Rocks batting - Pitching for Corpus Christi Twins : RHP Benjamin Booth
Batting: RHB Dan Holliday 0-0: Swinging Strike
0-1: Ball
1-1: Called Strike
1-2: Ball
2-2: Ball
3-2: Base on Balls
Batting: RHB Pedro Mendoza 0-0: Ball
1-0: Fly out, F8 (Line Drive, 8LS)
Batting: RHB Ernie McPherson 0-0: Called Strike
0-1: DOUBLE (Line Drive, 89M)
Dan Holliday to third
Batting: SHB Bartolo Fernández 0-0: Swinging Strike
0-1: Called Strike
0-2: Strikes out swinging
Batting: RHB Melvin Hunter 0-0: Swinging Strike
0-1: Ball
1-1: Swinging Strike
1-2: Ball
2-2: Fly out, F9 (Popup, 34D)
Bottom of the 4th over - 0 run(s), 1 hit(s), 0 error(s), 2 left on base; Corpus Christi 1 - Lévis 2
TOP OF THE 5TH
Corpus Christi Twins batting - Pitching for Lévis Rocks : LHP Harvey Richards
Batting: RHB John Howell 0-0: Foul Ball, location: 2F
0-1: Ball
1-1: Ball
2-1: Ball
3-1: Called Strike
3-2: Ground out 5-3 (Groundball, 56)
Batting: RHB Denis Taylor 0-0: DOUBLE (Flyball, 89D)
Batting: RHB Gonzalo Núńez 0-0: Called Strike
0-1: Ball
1-1: Ball
2-1: Fly out, F8 (Flyball, 8LXD)
Runner from 2nd tags up, SAFE at 3rd, no throw
Batting: RHB Júlio Santos 0-0: Foul Ball, location: 2F
0-1: Ball
1-1: 2-RUN HOME RUN (Line Drive, 9D), Distance : 347 ft
Batting: LHB Juan Durán 0-0: Called Strike
0-1: Foul Ball, location: 2F
0-2: Ball
1-2: Fly out, F7 (Flyball, 78M)
Top of the 5th over - 2 run(s), 2 hit(s), 0 error(s), 0 left on base; Corpus Christi 3 - Lévis 2
BOTTOM OF THE 5TH
Lévis Rocks batting - Pitching for Corpus Christi Twins : RHP Benjamin Booth
Pitching: RHP Alexander Allen
Batting: RHB Jim Unknown 0-0: Called Strike
0-1: Fly out, F8 (Flyball, 8RXD)
Batting: RHB Jimmy Allen 0-0: Fly out, F7 (Line Drive, 7D)
Batting: LHB Edward Carlson 0-0: Ball
1-0: Called Strike
1-1: DOUBLE (Groundball, 3D)
Batting: RHB Raúl Valadez 0-0: Called Strike
0-1: Ball
1-1: Swinging Strike
1-2: Ball
2-2: Strikes out swinging
Bottom of the 5th over - 0 run(s), 1 hit(s), 0 error(s), 1 left on base; Corpus Christi 3 - Lévis 2
TOP OF THE 6TH
Corpus Christi Twins batting - Pitching for Lévis Rocks : LHP Harvey Richards
Batting: RHB Carlos Santos 0-0: Fly out, F9 (Flyball, 89M)
Batting: RHB Chad Graham 0-0: Ball
1-0: Ball
2-0: Foul Ball, location: 2F
2-1: Foul Ball, location: 2F
2-2: Ground out 5-3 (Groundball, 56S)
Batting: LHB Michael Smith 0-0: Called Strike
0-1: Foul Ball, location: 2F
0-2: Ball
1-2: Strikes out swinging
Top of the 6th over - 0 run(s), 0 hit(s), 0 error(s), 0 left on base; Corpus Christi 3 - Lévis 2
BOTTOM OF THE 6TH
Lévis Rocks batting - Pitching for Corpus Christi Twins : RHP Alexander Allen
Batting: RHB Dan Holliday 0-0: Foul Ball, location: 2F
0-1: Called Strike
0-2: Ball
1-2: Ball
2-2: Foul Ball, location: 2F
2-2: Foul Ball, location: 2F
2-2: Foul Ball, location: 2F
2-2: Ball
3-2: Foul Ball, location: 2F
3-2: SINGLE (Flyball, 9LS)
Batting: RHB Pedro Mendoza 0-0: SINGLE (Flyball, 9LS)
Dan Holliday to second
Runner from 2nd tries for 3rd, SAFE, throw made to third
Batting: RHB Ernie McPherson 0-0: Swinging Strike
0-1: Ground out 6-3 (Groundball, 6S)
Pedro Mendoza to second
Batting: SHB Bartolo Fernández 0-0: Called Strike
0-1: Foul Ball, location: 2F
0-2: Ball
1-2: Foul Ball, location: 2F
1-2: Ball
2-2: 3-RUN HOME RUN (Flyball, 89XD), Distance : 369 ft
Pitching: RHP Dan Riggs
Batting: RHB Melvin Hunter 0-0: Foul Ball, location: 2F
0-1: Swinging Strike
0-2: Ball
1-2: Foul Ball, location: 2F
1-2: Strikes out swinging
Batting: RHB Jim Unknown 0-0: Called Strike
0-1: Ball
1-1: SINGLE (Line Drive, 4MD)
Batting: RHB Jimmy Allen 0-0: Ball
1-0: Ground out 1-3 (Groundball, 15S)
Bottom of the 6th over - 3 run(s), 4 hit(s), 0 error(s), 1 left on base; Corpus Christi 3 - Lévis 5
TOP OF THE 7TH
Corpus Christi Twins batting - Pitching for Lévis Rocks : LHP Harvey Richards
Batting: RHB Bill McCarty 0-0: Swinging Strike
0-1: Fly out, F6 (Popup, 6MD)
Batting: RHB John Howell 0-0: Foul Ball, location: 2F
0-1: Called Strike
0-2: Fly out, F8 (Flyball, 8RM)
Batting: RHB Denis Taylor 0-0: Ball
1-0: Ball
2-0: Ball
3-0: Called Strike
3-1: Base on Balls
Pitching: LHP Jim Unknown
Batting: RHB Gonzalo Núńez 0-0: Ball
1-0: Called Strike
1-1: Ground out 4-3 (Groundball, 4)
Top of the 7th over - 0 run(s), 0 hit(s), 0 error(s), 1 left on base; Corpus Christi 3 - Lévis 5
BOTTOM OF THE 7TH
Lévis Rocks batting - Pitching for Corpus Christi Twins : RHP Dan Riggs
Batting: LHB Edward Carlson 0-0: Foul Ball, location: 2F
0-1: Called Strike
0-2: Ball
1-2: Foul Ball, location: 2F
1-2: Ball
2-2: Ball
3-2: Base on Balls
Batting: RHB Raúl Valadez 0-0: Ball
1-0: Foul Ball, location: 2F
1-1: Ball
2-1: Bunted foul
2-2: Foul Ball, location: 2F
2-2: Foul Ball, location: 2F
2-2: Foul Ball, location: 2F
2-2: SINGLE (Groundball, 56D)
Edward Carlson to second
Batting: RHB Dan Holliday 0-0: Ball
1-0: Ball
2-0: Foul Ball, location: 2F
2-1: Swinging Strike
2-2: Fly out, F7 (Flyball, 7S)
Pinch Hitting: LHB Jim Unknown 0-0: Fielders Choice at 2nd, 3-6 (Groundball, 3)
Edward Carlson to third
Batting: RHB Ernie McPherson 0-0: Ball
1-0: DOUBLE (Line Drive, 9LM)
Edward Carlson scores
Jim Unknown to third
Runner from 3rd tries for Home, SAFE, no throw or cutoff
Batting: SHB Bartolo Fernández 0-0: Ball
1-0: Ball
2-0: Called Strike
2-1: Foul Ball, location: 2F
2-2: Strikes out swinging
Bottom of the 7th over - 2 run(s), 2 hit(s), 0 error(s), 1 left on base; Corpus Christi 3 - Lévis 7
TOP OF THE 8TH
Corpus Christi Twins batting - Pitching for Lévis Rocks : LHP Jim Unknown
Now in RF: Jim Unknown
Batting: RHB Júlio Santos 0-0: Called Strike
0-1: Swinging Strike
0-2: Reached on error, E5 (Groundball, 5)
Batting: LHB Juan Durán 0-0: Called Strike
0-1: Ball
1-1: SINGLE (Groundball, 56D) (infield hit)
Júlio Santos to second
Pitching: RHP Jim Unknown
Batting: RHB Carlos Santos 0-0: Ball
1-0: SINGLE (Groundball, 56D)
Júlio Santos to third
Juan Durán to second
Batting: RHB Chad Graham 0-0: Fly out, F9 (Line Drive, 9M)
Runner from 3rd tags up, SCORES, throw made
Pitching: LHP Miguel López
Batting: LHB Michael Smith 0-0: Ball
1-0: SINGLE (Line Drive, 7LS)
Juan Durán to third
Carlos Santos to second
Runner from 3rd tries for Home, throw and OUT!
Pitching: RHP Aaron Morris
Batting: RHB Bill McCarty 0-0: Ground out U3 (Groundball, 3L)
Top of the 8th over - 1 run(s), 3 hit(s), 1 error(s), 2 left on base; Corpus Christi 4 - Lévis 7
BOTTOM OF THE 8TH
Lévis Rocks batting - Pitching for Corpus Christi Twins : RHP Dan Riggs
Batting: RHB Melvin Hunter 0-0: Called Strike
0-1: Foul Ball, location: 2F
0-2: Foul Ball, location: 2F
0-2: Ball
1-2: Foul Ball, location: 2F
1-2: Ball
2-2: Ball
3-2: Foul Ball, location: 2F
3-2: Base on Balls
Pitching: RHP Jason Mosley
Batting: RHB Jim Unknown 0-0: Bunted foul
0-1: Bunt missed!
0-2: Strikes out looking
Batting: RHB Jimmy Allen 0-0: Swinging Strike
0-1: Foul Ball, location: 2F
0-2: Ground out 5-3 (Groundball, 56S)
Melvin Hunter to second
Batting: LHB Edward Carlson 0-0: Ball
1-0: SINGLE (Line Drive, 9LS)
Melvin Hunter to third
Batting: RHB Raúl Valadez 0-0: Called Strike
0-1: Ball
1-1: Ball
2-1: Ground out 1-3 (Groundball, 13S)
Bottom of the 8th over - 0 run(s), 1 hit(s), 0 error(s), 2 left on base; Corpus Christi 4 - Lévis 7
TOP OF THE 9TH
Corpus Christi Twins batting - Pitching for Lévis Rocks : RHP Aaron Morris
Pitching: LHP Lorenzo Ortega
Batting: RHB John Howell 0-0: Ball
1-0: Foul Ball, location: 2F
1-1: SOLO HOME RUN (Flyball, 78XD), Distance : 386 ft
Batting: RHB Denis Taylor 0-0: Fly out, F2 (Popup, 2RF)
Batting: RHB Gonzalo Núńez 0-0: Foul Ball, location: 2F
0-1: SINGLE (Groundball, 25) (infield hit)
Pinch Hitting: RHB Dale Carney 0-0: Swinging Strike
0-1: Ball
1-1: Ball
2-1: Foul Ball, location: 2F
2-2: Fly out, F8 (Flyball, 78D)
Pinch Hitting: RHB Andrew Floyd 0-0: Ball
1-0: Ball
2-0: Ball
3-0: Called Strike
3-1: Called Strike
3-2: Foul Ball, location: 2F
3-2: Base on Balls
Gonzalo Núńez to second
Batting: RHB Carlos Santos 0-0: Swinging Strike
0-1: Ball
1-1: Called Strike
1-2: Ball
2-2: Foul Ball, location: 2F
2-2: Strikes out swinging
Top of the 9th over - 1 run(s), 2 hit(s), 0 error(s), 2 left on base; Corpus Christi 5 - Lévis 7
This league is powered by Out of the Park Baseball, the baseball management simulation game for PC, Mac and Linux
Monday, May 4th, 2015 - OOTP Baseball 15.6 Build 34